 Dungeon Crawl Stone Soup version 0.23-a0-319-gb40ba49 (webtiles) character file.

853 epen the Slasher (level 8, -4/67 HPs)
             Began as a Gnoll Berserker on Oct 14, 2018.
             Was a Believer of Trog.
             Slain by a gnoll sergeant
             ... wielding a +0 trident
              (5 damage)
             ... on level 5 of the Dungeon.
             The game lasted 00:04:54 (3779 turns).

epen the Slasher (Gnoll Berserker)                  Turns: 3779, Time: 00:04:55

Health: -4/67      AC:  6    Str: 21    XL:     8   Next: 1%
Magic:  12/12      EV: 14    Int: 11    God:    Trog [**....]
Gold:   195        SH:  0    Dex: 14    Spells: 12/12 levels left

rFire    . . .     SeeInvis .   f - +2 hand axe (chop)
rCold    . . .     Gourm    .   (no shield)
rNeg     . . .     Faith    .   i - +0 ring mail
rPois    .         Spirit   .   (no helmet)
rElec    .         Reflect  .   (no cloak)
rCorr    .         Harm     .   (no gloves)
MR       .....                  (no boots)
Stlth    ++........             (no amulet)
HPRegen  0.21/turn              (no ring)
MPRegen  0.13/turn              (no ring)

@: berserk cooldown, slowed, very slow
A: distributed training, fangs 1, strong nose
a: Berserk, Trog's Hand, Renounce Religion


You were on level 5 of the Dungeon.
You worshipped Trog.
Trog was pleased with you.
You were hungry.

You visited 1 branch of the dungeon, and saw 5 of its levels.

You collected 195 gold pieces.

Inventory:

Hand Weapons
 a - a +0 falchion
 f - a +2 hand axe of chopping (weapon)
 q - a +1 short sword of speed
Armour
 b - a +0 animal skin
 i - a +0 ring mail (worn)
 k - a +0 scale mail
 r - a cursed +0 shield
Jewellery
 n - an uncursed ring of magical power {unknown}
Scrolls
 e - 2 scrolls of remove curse
 g - a scroll of random uselessness
 m - a scroll of immolation
 o - 2 scrolls of fog
Potions
 h - 5 potions of curing
 j - 2 potions of lignification
 l - 2 potions of haste
 p - a potion of brilliance {unknown}
 s - 2 potions of heal wounds {unknown}
 v - a potion of magic {unknown}
Comestibles
 c - 7 rations
 d - 8 chunks of flesh


   Skills:
 + Level 7.1 Fighting
 + Level 2.8 Short Blades
 + Level 7.1 Long Blades
 + Level 2.8 Axes
 + Level 2.8 Maces & Flails
 + Level 2.8 Polearms
 + Level 2.8 Staves
 + Level 2.8 Slings
 + Level 2.8 Bows
 + Level 2.8 Crossbows
 + Level 2.8 Throwing
 + Level 5.4 Armour
 + Level 5.4 Dodging
 + Level 2.8 Stealth
 + Level 2.8 Shields
 + Level 2.8 Unarmed Combat
 + Level 2.8 Spellcasting
 + Level 2.2 Conjurations
 + Level 2.2 Hexes
 + Level 2.2 Charms
 + Level 2.2 Summonings
 + Level 2.2 Necromancy
 + Level 2.2 Translocations
 + Level 2.2 Transmutations
 + Level 2.2 Fire Magic
 + Level 2.2 Ice Magic
 + Level 2.2 Air Magic
 + Level 2.2 Earth Magic
 + Level 2.2 Poison Magic
 + Level 3.1 Invocations
 + Level 2.8 Evocations


You had 12 spell levels left.
You didn't know any spells.
Your spell library was empty.

Dungeon Overview and Level Annotations

Branches:
Dungeon (5/15)             Temple (0/1) D:4

Altars:
Hepliaklqana
Zin

Shops:
D:4 (   D:5 *


Innate Abilities, Weirdness & Mutations

Your experience applies equally to all skills.
You have very sharp teeth.
Your uncanny sense of smell can sniff out nearby items.


Message History

The gnoll sergeant blocks your attack.
The gnoll sergeant hits you with a trident!
* * * LOW HITPOINT WARNING * * *
You hit the gnoll sergeant.
The gnoll sergeant is moderately wounded.
You are no longer berserk.
You are exhausted.
You feel yourself slow down.
The gnoll sergeant hits you with a trident!
* * * LOW HITPOINT WARNING * * *
The gnoll sergeant blocks your attack.
The gnoll sergeant is moderately wounded.
The gnoll sergeant hits you with a trident.
* * * LOW HITPOINT WARNING * * *
You hit the gnoll sergeant.
You bite the gnoll sergeant, but do no damage.
The gnoll sergeant is moderately wounded.
The gnoll sergeant closely misses you.
The gnoll sergeant hits you with a trident.
You die...

## #.####### #...#..#### ##..
#........### ##.>...
########.....##.@g######........
............######..............
............# ##.............
............# ##............
............# ##...........
..÷.........# #............
.(..........## ##............
...........∩.# #...(.........
.............# ##.............


You could see a gnoll sergeant.

Vanquished Creatures
  Grinder (D:3)
  A centaur (D:5)
  Blork the orc (D:5)
  3 gnoll sergeants (D:5)
  A scorpion (D:5)
  A howler monkey (D:4)
  An orc priest (D:3)
  Terence (D:2)
  A worker ant (D:3)
  2 orc wizards (D:4)
  4 adders
  An ooze (D:3)
  4 worms
  A dart slug (D:1)
  5 leopard geckos
  6 orcs
  A ball python (D:3)
  5 giant cockroaches
  5 goblins
  5 hobgoblins
  5 jackals
  9 kobolds
  A quokka (D:4)
  5 bats
  2 frilled lizards (D:1)
  A quokka skeleton (D:4)
  6 rats
79 creatures vanquished.

Notes
Turn   | Place    | Note
-------+----------+-------------------------------------------
     0 | D:1      | epen the Gnoll Berserker began the quest for the Orb.
     0 | D:1      | Reached XP level 1. HP: 23/23 MP: 1/1
   103 | D:1      | Reached XP level 2. HP: 25/29 MP: 2/2
   485 | D:1      | Reached XP level 3. HP: 35/35 MP: 3/3
   692 | D:2      | Found a hazy altar of Hepliaklqana.
   824 | D:2      | Noticed Terence
   829 | D:2      | Killed Terence
   829 | D:2      | Reached skill level 1 in Short Blades
   829 | D:2      | Reached skill level 1 in Axes
   829 | D:2      | Reached skill level 1 in Maces & Flails
   829 | D:2      | Reached skill level 1 in Polearms
   829 | D:2      | Reached skill level 1 in Staves
   829 | D:2      | Reached skill level 1 in Slings
   829 | D:2      | Reached skill level 1 in Bows
   829 | D:2      | Reached skill level 1 in Crossbows
   829 | D:2      | Reached skill level 1 in Throwing
   829 | D:2      | Reached skill level 1 in Stealth
   829 | D:2      | Reached skill level 1 in Shields
   829 | D:2      | Reached skill level 1 in Unarmed Combat
   829 | D:2      | Reached skill level 1 in Spellcasting
   829 | D:2      | Reached skill level 1 in Invocations
   829 | D:2      | Reached skill level 1 in Evocations
   829 | D:2      | Reached XP level 4. HP: 41/41 MP: 5/5
  1053 | D:2      | Reached ** piety under Trog
  1770 | D:3      | Reached skill level 1 in Conjurations
  1770 | D:3      | Reached skill level 1 in Hexes
  1770 | D:3      | Reached skill level 1 in Charms
  1770 | D:3      | Reached skill level 1 in Summonings
  1770 | D:3      | Reached skill level 1 in Necromancy
  1770 | D:3      | Reached skill level 1 in Translocations
  1770 | D:3      | Reached skill level 1 in Transmutations
  1770 | D:3      | Reached skill level 1 in Fire Magic
  1770 | D:3      | Reached skill level 1 in Ice Magic
  1770 | D:3      | Reached skill level 1 in Air Magic
  1770 | D:3      | Reached skill level 1 in Earth Magic
  1770 | D:3      | Reached skill level 1 in Poison Magic
  1954 | D:3      | Noticed Grinder
  1958 | D:3      | Paralysed by Grinder for 3 turns
  1965 | D:3      | Killed Grinder
  1965 | D:3      | Reached XP level 5. HP: 46/47 MP: 5/7
  1965 | D:3      | Reached XP level 6. HP: 52/53 MP: 5/8
  2020 | D:3      | Reached skill level 5 in Armour
  2020 | D:3      | Reached skill level 5 in Dodging
  2514 | D:4      | Found Loyvog's Weapon Shop.
  2556 | D:3      | Found a glowing silver altar of Zin.
  2712 | D:4      | Found a staircase to the Ecumenical Temple.
  2724 | D:4      | Reached XP level 7. HP: 49/59 MP: 10/10
  2873 | D:4      | Reached *** piety under Trog
  3316 | D:5      | Entered Level 5 of the Dungeon
  3469 | D:5      | Found Hotuisot's General Store.
  3531 | D:5      | Noticed Blork the orc
  3553 | D:5      | Killed Blork the orc
  3774 | D:5      | Reached XP level 8. HP: 35/67 MP: 12/12
  3778 | D:5      | HP: 1/67 [gnoll sergeant/trident (4)]
  3779 | D:5      | Slain by a gnoll sergeant

Vault maps used:
D:1:      psy_arrival_statuary
D:2:      overflow_temple_1_default, uniq_terence
D:3:      lemuel_upstairs_altar, uniq_grinder
D:4:      minmay_temple_entry_statues_pillars, serial_shops, shop
D:5:      serial_shops, shop, first_ration, sword_in_stone

Skill      XL: |  1  2  3  4  5  6  7 |
---------------+----------------------+-----
Short Blades   | 1 2 |  2.8
Axes           | 1 2 |  2.8
Maces & Flails | 1 2 |  2.8
Polearms       | 1 2 |  2.8
Staves         | 1 2 |  2.8
Slings         | 1 2 |  2.8
Bows           | 1 2 |  2.8
Crossbows      | 1 2 |  2.8
Throwing       | 1 2 |  2.8
Stealth        | 1 2 |  2.8
Shields        | 1 2 |  2.8
Unarmed Combat | 1 2 |  2.8
Spellcasting   | 1 2 |  2.8
Invocations    | 1 2 3 |  3.1
Evocations     | 1 2 |  2.8
Conjurations   | 1 2 |  2.2
Hexes          | 1 2 |  2.2
Charms         | 1 2 |  2.2
Summonings     | 1 2 |  2.2
Necromancy     | 1 2 |  2.2
Translocations | 1 2 |  2.2
Transmutations | 1 2 |  2.2
Fire Magic     | 1 2 |  2.2
Ice Magic      | 1 2 |  2.2
Air Magic      | 1 2 |  2.2
Earth Magic    | 1 2 |  2.2
Poison Magic   | 1 2 |  2.2
Armour         | 5 |  5.4
Dodging        | 5 |  5.4
Fighting       | 7 |  7.1
Long Blades    | 7 |  7.1

Action                   |  1- 3 |  4- 6 |  7- 9 || total
-------------------------+-------+-------+-------++-------
Melee: Falchion          |    49 |       |       ||    49
       Bite              |     7 |    15 |     8 ||    30
       Hand axe          |       |   116 |    57 ||   173
       Punch             |       |       |     1 ||     1
Invok: Berserk           |     1 |     2 |     3 ||     6
       Trog's Hand       |       |       |     2 ||     2
  Use: Scroll            |       |       |    11 ||    11
 Stab: Distracted        |     1 |       |       ||     1
       Sleeping          |       |     2 |       ||     2
  Eat: Chunk             |       |     5 |     6 ||    11
       Ration            |       |     1 |       ||     1
Armor: Animal skin       |     3 |       |       ||     3
       Ring mail         |     5 |    25 |    15 ||    45
Dodge: Dodged            |    33 |    76 |    39 ||   148
       Rpst.: Falchion   |    15 |       |       ||    15

Table legend:
 A = Non-vault XP
 B = Vault XP
 C = Vault XP percentage of total XP
 D = Non-vault monster count
 E = Vault monster count
 F = Vault count percentage of total count
                 A         B        C        D         E       F
            +---------+---------+-------+---------+---------+-------
      Total |     568 |     651 |  53.4 |      73 |       6 |   7.6
            +---------+---------+-------+---------+---------+-------
        D:1 |      36 |       0 |   0.0 |      20 |       0 |   0.0
        D:2 |      50 |      36 |  41.9 |      13 |       1 |   7.1
        D:3 |     150 |     281 |  65.2 |      25 |       1 |   3.8
        D:4 |     145 |       0 |   0.0 |      11 |       0 |   0.0
        D:5 |     187 |     334 |  64.1 |       4 |       4 |  50.0
            +---------+---------+-------+---------+---------+-------
